 Dungeon Crawl Stone Soup version 0.32-a0-516-g94ed278cf8 (webtiles) character file.

Game seed: 98298971419702517

104974 sunet the Tortoise (level 15, -8/136 (143) HPs)
             Began as a Minotaur Fighter on Feb 23, 2024.
             Was a High Priest of Okawaru.
             Shot with an arrow by a deep elf archer (19 damage)
             ... on level 2 of the Elven Halls on Feb 27, 2024.
             The game lasted 02:21:12 (21575 turns).

sunet the Tortoise (Minotaur Fighter)              Turns: 21575, Time: 02:21:12

HP:   -8/136 (143)  AC: 37    Str: 27    XL:     15   Next: 93%
MP:   18/19         EV: 11    Int:  7    God:    Okawaru [*****.]
Gold: 2252          SH: 23    Dex: 11    Spells: 14/14 levels left

rFire   + . .        a - +4 war axe (heavy)
rCold   + . .        B - +2 tower shield
rNeg    . . .        N - +18 Lear's hauberk
rPois   .            (helmet currently unavailable)
rElec   .            c - +2 cloak
rCorr   .            (gloves currently unavailable)
SInv    .            (boots currently unavailable)
Will    ++...        C - amulet of regeneration Stlth
                     j - ring of protection from fire
HPRegen 1.22/turn    O - ring "Uneemar" {Will+ AC+4 Int+2}
MPRegen 0.16/turn

%: no passive effects
@: heroic, lightly drained
A: horns 2, retaliatory headbutt, cold resistance 1, deformed body, low MP 1
a: Renounce Religion, Heroism, Finesse, Duel


You were on level 2 of the Elven Halls.
You worshipped Okawaru.
Okawaru was extremely pleased with you.
You visited 3 branches of the dungeon, and saw 19 of its levels.
You also visited: Sewer.

You collected 2422 gold pieces.
You spent 170 gold pieces at shops.

Inventory:

Hand Weapons
 a - a +4 heavy war axe (weapon)
 T - a +6 war axe of venom
Missiles
 D - 27 poisoned darts
 J - 4 silver javelins
 M - 5 curare-tipped darts
 Y - 12 javelins (quivered)
Armour
 c - a +2 cloak (worn)
 B - a +2 tower shield (worn)
 G - the +9 plate armour of the Cuttlefish {rElec rPois}
   (You found it on level 2 of the Elven Halls)

   rElec:     It insulates you from electricity.
   rPois:     It protects you from poison
 N - the +18 Lear's hauberk (worn)
   (You found it on level 7 of the Dungeon)
 W - the +8 chain mail "Ledyoph" {+Blink rElec rC- Dex+5}
   (You found it on level 12 of the Dungeon)

   Dex+5:     It affects your dexterity (+5).
   rC-:       It makes you vulnerable to cold.
   rElec:     It insulates you from electricity.
   +Blink:    It lets you blink.
Jewellery
 i - an amulet of guardian spirit
 j - a ring of protection from fire (left hand)
 k - a +4 ring of slaying
 w - a +6 ring of strength
 z - a ring of poison resistance
 A - a ring of protection from cold
 C - an amulet of regeneration (around neck)
 F - a +4 ring of protection
 I - a ring of flight
 O - the ring "Uneemar" (right hand) {Will+ AC+4 Int+2}
   (You found it on level 8 of the Dungeon)

   [ring of protection]

   AC+4:      It affects your AC (+4).
   Int+2:     It affects your intelligence (+2).
   Will+:     It increases your willpower.
 X - a ring of resist corrosion
Wands
 S - a wand of digging (6)
Scrolls
 g - 3 scrolls of brand weapon
 h - 3 scrolls of noise
 n - 4 scrolls of vulnerability
 r - 5 scrolls of amnesia
 t - 2 scrolls of identify
 v - 3 scrolls of blinking
 y - 7 scrolls of teleportation
 E - a scroll of poison {unknown}
 H - a scroll of immolation {unknown}
 K - a scroll of fear {unknown}
 P - a scroll of revelation
 R - a scroll of silence {unknown}
 U - a scroll of summoning {unknown}
Potions
 b - 3 potions of resistance
 d - a potion of might
 e - 4 potions of curing
 f - 4 potions of mutation
 l - 5 potions of lignification
 m - 6 potions of brilliance
 o - a potion of magic {unknown}
 p - 3 potions of ambrosia
 q - a potion of invisibility {unknown}
 s - 4 potions of berserk rage
 u - 3 potions of haste
 x - a potion of heal wounds
 L - 3 potions of attraction
 Q - a potion of degeneration {unknown}


   Skills:
 + Level 15.7(20.7) Fighting
 + Level 15.5(20.5) Axes
 + Level 9.7(14.7) Throwing
 + Level 15.7(20.7) Armour
 + Level 15.6(20.6) Shields
 - Level 10.3 Invocations


You had 14 spell levels left.
You didn't know any spells.
Your spell library contained the following spells:

 Spells                   Type           Power      Damage    Failure   Level
 Apportation              Tloc           0%         N/A       87%         1
 Foxfire                  Conj/Fire      0%         2x1d4     87%         1
 Magic Dart               Conj           0%         1d3       87%         1
 Shock                    Conj/Air       0%         1d3       87%         1
 Sting                    Conj/Alch      0%         1d3       87%         1
 Blink                    Tloc           0%         N/A       95%         2
 Jinxbite                 Hex            0%         N/A       95%         2
 Sublimation of Blood     Necr           0%         N/A       95%         2
 Sigil of Binding         Hex            0%         N/A       99%         3
 Swiftness                Air            0%         N/A       99%         3
 Airstrike                Air            0%         2d(0-16)  100%        4
 Brom's Barrelling Bould  Conj/Erth      0%         2d3       100%        4
 Dimensional Bullseye     Hex/Tloc       0%         N/A       100%        4
 Petrify                  Alch/Erth      0%         N/A       100%        4
 Vhi's Electric Charge    Tloc/Air       0%         N/A       100%        4
 Alistair's Intoxication  Alch           0%         N/A       100%        5
 Arcjolt                  Conj/Air       0%         1d10      100%        5
 Fireball                 Conj/Fire      0%         3d3       100%        5
 Irradiate                Conj/Alch      0%         3d11      100%        5
 Iskenderun's Battlesphe  Conj           0%         2d6       100%        5
 Conjure Ball Lightning   Conj/Air       0%         3x3d6     100%        6
 Plasma Beam              Fire/Air       0%         2x1d10    100%        6
 Starburst                Conj/Fire      0%         6d3       100%        6
 Orb of Destruction       Conj           0%         9d5       100%        7
 Summon Small Mammal      Summ           Unusable   N/A       N/A         1
 Call Imp                 Summ           Unusable   N/A       N/A         2
 Call Canine Familiar     Summ           Unusable   N/A       N/A         3
 Summon Blazeheart Golem  Fire/Summ      Unusable   N/A       N/A         4

Dungeon Overview and Level Annotations

Branches:
Dungeon (15/15)            Temple (0/1) D:7            Lair (0/5) D:11
    Orc (2/2) D:12            Elf (2/3) Orc:2        Vaults (0/5) D:14
 Depths (0/4) D:15          Sewer (visited)

Altars:
Ashenzari
Elyvilon
Fedhas
Gozag
Hepliaklqana
Kikubaaqudgha
Nemelex Xobeh
Okawaru
Qazlal
Sif Muna
Trog
Xom
Zin
The Shining One

Shops:
D:3 [   D:8 *[   D:13 *[[(   Orc:2 (=((*   Elf:2 [


Innate Abilities, Weirdness & Mutations

You have a pair of horns on your head.
You reflexively headbutt those who attack you in melee.
Your flesh is cold resistant. (rC+)
Armour fits poorly on your strangely shaped body.
Your magical capacity is low. (-10% MP)


Message History

The deep elf archer shoots an arrow.
You block the arrow.
You shake off the liquid fire.
Something hits you but does no damage.
The deep elf pyromancer gestures wildly while chanting.
Something hits you!
* * * LOW HITPOINT WARNING * * *
You block the fire elemental's attack.
The deep elf pyromancer gestures at you while chanting.
The bolt of fire hits the fire elemental.
The fire elemental completely resists.
The bolt of fire hits you but does no damage.
Something hits you.
* * * LOW HITPOINT WARNING * * *
You block the fire elemental's attack. x4
Items here: ))) [.
You barely miss the fire elemental. You headbutt the fire elemental.
The fire elemental is lightly damaged.
You completely miss the fire elemental. You completely miss something.
You slice the fire elemental!!
You destroy the fire elemental!
The fire elemental disappears in a puff of smoke!
Something hits you but does no damage. You block the fire elemental's attack.
The fire elemental hits you.
You hear some strange, mumbled words.
A lance of force appears from out of thin air!
You block the lance of force. The fire elemental hits you.
The fire elemental burns you! You resist.
* * * LOW HITPOINT WARNING * * *
You slice the fire elemental!! You headbutt the fire elemental.
You destroy the fire elemental!
The fire elemental disappears in a puff of smoke!
You closely miss the fire elemental. You completely miss something.
Something hits you!
* * * LOW HITPOINT WARNING * * *
You block the fire elemental's attack.
The deep elf pyromancer casts a spell at you.
The bolt of fire hits you! You resist.
* * * LOW HITPOINT WARNING * * *
The deep elf archer shoots an arrow.
The arrow hits you!!
You die...

...#
.......###
.........##
..........##
...........##
.§..........##
.........ee..#
##.%......§°.#
.........@E..#
###.......{.##
...........##
..........##
..?......##
......#.##
........#
........#
.....#


You could see a deep elf archer (repels missiles), a deep elf pyromancer and a
fire elemental (summoned).

Vanquished Creatures
  A deep elf blademaster (Elf:1)
  Donald (Orc:2)
  Agnes (D:13)
  The ghost of Drangen the Skirmisher, an adept GnHu of Okawaru (Orc:2)
  A deep elf elementalist (Elf:1)
  A deep elf demonologist (Elf:1)
  Josephine (Orc:1)
  A deep elf high priest (Elf:1)
  3 vault guards (D:14)
  A hydra (D:15)
  3 ogre magi
  4 centaur warriors
  A catoblepas (D:7)
  Erica (D:11)
  12 two-headed ogres
  7 dancing weapons
  2 sphinx skeletons (D:15)
  4 tengu warriors
  2 orc high priests
  Urug (D:12)
  2 soul eaters (D:15)
  9 deep elf knights
  A vampire mage (D:15)
  4 sun demons
  2 skeletal warriors (D:15)
  A storm dragon skeleton (D:15)
  A sixfirhy (D:15)
  2 deep trolls (Orc:2)
  4 deep elf archers
  An arcanist (D:14)
  5 orc knights
  A wolf spider (D:15)
  6 ugly things
  4 necromancers
  9 cyclopes
  6 orc sorcerers
  13 deep elf zephyrmancers
  17 deep elf pyromancers
  7 manticores
  The ghost of Ethylacetat the Sneak, a novice OpBr of Uskayaw (D:3)
  2 kobold blastminers (Orc:1)
  7 rust devils (D:15)
  3 smoke demons (D:15)
  An unseen horror (D:11)
  Jeremiah (D:7)
  4 kobold demonologists
  An efreet (D:14)
  2 freezing wraiths (D:15)
  4 red devils (D:15)
  An ice devil (D:15)
  A tengu conjurer (D:14)
  A hellwing (D:15)
  12 trolls
  Prince Ribbit (D:8)
  11 slime creatures
  A spriggan (shapeshifter) (D:14)
  2 shadows
  23 yaks
  A centaur simulacrum (D:12)
  2 air elementals (Elf:1)
  3 vampires
  5 wraiths
  2 ynoxinuls (D:15)
  3 water elementals
  2 wyverns
  2 fire elementals (Elf:1)
  A warg (D:15)
  Grum (D:11)
  17 humans (D:14)
  A basilisk (D:15)
  3 chaos spawn (D:15)
  2 steam dragons
  3 neqoxecs
  3 vampire mosquitoes
  Menkaure (D:4)
  2 acid dragons
  A water moccasin (D:8)
  Pargi (Sewer)
  16 orc warriors
  A sky beast (D:6)
  2 ice beasts
  22 ogres
  3 wolves (D:11)
  19 centaurs
  3 kobold brigands
  A brain worm (shapeshifter) (Elf:1)
  2 earth elementals (Elf:1)
  4 scorpions
  A gnoll sergeant (D:9)
  17 wights
  5 killer bees (D:11)
  3 howler monkeys
  8 orc priests
  3 jellies
  A gnoll bouda (D:10)
  4 iguanas
  22 orc wizards
  13 gnolls
  17 adders
  A shadow imp (D:6)
  4 white imps
  2 ufetubi (D:7)
  A ribbon worm (D:2)
  66 orcs
  5 ball pythons
  6 endoplasms
  7 giant cockroaches
  8 goblins
  14 hobgoblins
  3 jackals (D:3)
  4 quokkas
  6 bats
  2 frilled lizards
  28 kobolds
  5 rats
608 creatures vanquished.

Vanquished Creatures (others)
  2 orc wizards
  An orc (Orc:2)
3 creatures vanquished.

Grand Total: 611 creatures vanquished

Notes
Turn   | Place    | Note
-------+----------+-------------------------------------------
     0 | D:1      | sunet the Minotaur Fighter began the quest for the Orb.
     0 | D:1      | Reached XP level 1. HP: 19/19 MP: 0/0
   270 | D:1      | Reached XP level 2. HP: 27/27 MP: 1/1
   425 | D:1      | Found a faded altar of an unknown god.
   431 | D:1      | Got Plato's Monograph on Argyropoeia
   997 | D:2      | Reached XP level 3. HP: 33/33 MP: 2/2
  1391 | D:2      | Reached XP level 4. HP: 41/41 MP: 3/3
  1777 | D:3      | Found an ancient bone altar of Kikubaaqudgha.
  1844 | D:3      | Found Fasomuvu's Antique Armour Shoppe.
  2024 | D:3      | Noticed a scorpion
  2033 | D:3      | Killed a scorpion
  2034 | D:3      | Reached XP level 5. HP: 24/47 MP: 4/4
  2245 | D:3      | Found a runed translucent door.
  2245 | D:3      | Noticed Ethylacetat's ghost (novice OpBr)
  2268 | D:3      | Killed Ethylacetat's ghost
  2269 | D:3      | Reached skill level 5 in Fighting
  2269 | D:3      | Reached skill level 5 in Axes
  2269 | D:3      | Reached skill level 5 in Armour
  2269 | D:3      | Reached skill level 5 in Shields
  2269 | D:3      | Reached XP level 6. HP: 47/57 MP: 2/5
  2269 | D:3      | Reached XP level 7. HP: 51/62 MP: 2/6
  2765 | D:3      | Found an iron altar of Okawaru.
  2774 | D:3      | Became a worshipper of Warmaster Okawaru
  2858 | D:4      | Noticed Menkaure
  2873 | D:4      | Killed Menkaure
  3108 | D:4      | Reached skill level 1 in Invocations
  3737 | D:4      | Identified the +2 ring mail of the Lotus Blossom {rF++
                  | Will+}
  3783 | D:4      | Noticed a steam dragon
  3788 | D:4      | Killed a steam dragon
  3788 | D:4      | Reached * piety under Okawaru
  3789 | D:4      | Reached XP level 8. HP: 40/71 MP: 8/8
  3973 | D:4      | Found a shimmering blue altar of Sif Muna.
  3993 | D:4      | Found a white marble altar of Elyvilon.
  3995 | D:4      | Found a shimmering altar of Xom.
  4009 | D:4      | Found a bloodstained altar of Trog.
  4012 | D:4      | Found an opulent altar of Gozag.
  4087 | D:4      | Found a blossoming altar of Fedhas.
  4148 | D:5      | Entered Level 5 of the Dungeon
  4733 | D:5      | Found a hazy altar of Hepliaklqana.
  5096 | D:6      | Reached ** piety under Okawaru
  5374 | D:6      | Reached XP level 9. HP: 40/79 MP: 10/10
  5518 | D:6      | Found a glowing drain.
  5700 | Sewer    | Entered a sewer
  5703 | Sewer    | Noticed Pargi
  5722 | Sewer    | Killed Pargi
  6397 | D:6      | Found a sparkling altar of Nemelex Xobeh.
  6567 | D:7      | Found a staircase to the Ecumenical Temple.
  6625 | D:7      | Found a glowing silver altar of Zin.
  6689 | D:7      | Found a glowing golden altar of the Shining One.
  6722 | D:7      | Noticed a troll
  6733 | D:7      | Killed a troll
  6804 | D:7      | Noticed Jeremiah
  6869 | D:7      | Killed Jeremiah
  6869 | D:7      | Reached *** piety under Okawaru
  6954 | D:7      | Reached skill level 5 in Invocations
  6971 | D:7      | Noticed a troll
  6982 | D:7      | Killed a troll
  7015 | D:7      | Found the +18 Lear's hauberk
  7233 | D:8      | Identified the ring "Uneemar" {Will+ AC+4 Int+2}
  7272 | D:8      | Reached XP level 10. HP: 90/90 MP: 12/12
  7276 | D:8      | Reached **** piety under Okawaru
  7428 | D:8      | Found Nabu's Dragon-Slaying Spoils.
  7484 | D:8      | Noticed a two-headed ogre
  7489 | D:8      | Noticed a manticore
  7490 | D:8      | Noticed a brown ugly thing
  7497 | D:8      | Noticed a catoblepas
  7498 | D:8      | Killed a two-headed ogre
  7498 | D:8      | Noticed Prince Ribbit
  7519 | D:7      | Killed a brown ugly thing
  7525 | D:7      | Killed a catoblepas
  7525 | D:7      | Reached ***** piety under Okawaru
  7557 | D:8      | Killed a manticore
  7591 | D:8      | Killed Prince Ribbit
  7711 | D:8      | Found Nioteej's Elemental Accessories.
  8111 | D:9      | Found a stormy altar of Qazlal.
  8139 | D:9      | Reached skill level 10 in Fighting
  8139 | D:9      | Reached skill level 10 in Shields
  8145 | D:9      | Reached skill level 10 in Armour
  8202 | D:9      | Reached XP level 11. HP: 90/99 MP: 15/15
  8377 | D:9      | Found a broken altar of Ashenzari.
  8462 | D:9      | Noticed a two-headed ogre
  8473 | D:9      | Killed a two-headed ogre
  8474 | D:9      | Reached skill level 10 in Axes
  9027 | D:10     | Entered Level 10 of the Dungeon
  9037 | D:10     | Received a gift from Okawaru
  9194 | D:10     | Noticed a two-headed ogre
  9204 | D:10     | Killed a two-headed ogre
  9204 | D:10     | Reached ****** piety under Okawaru
  9210 | D:10     | Acquired a +3 war axe of venom
  9210 | D:10     | Received a gift from Okawaru
  9245 | D:10     | Noticed a two-headed ogre
  9318 | D:10     | Killed a two-headed ogre
  9845 | D:11     | Noticed Grum
  9853 | D:11     | Killed Grum
  9953 | D:11     | Received a gift from Okawaru
  9973 | D:11     | Noticed a tengu warrior
  9984 | D:11     | Killed a tengu warrior
 10097 | D:11     | Identified the +5 ring mail of the Equinox {Harm Str+3}
 10132 | D:11     | Found a staircase to the Lair.
 10241 | D:11     | Reached skill level 1 in Throwing
 10251 | D:11     | Reached XP level 12. HP: 110/110 MP: 17/17
 10285 | D:11     | Noticed Erica
 10314 | D:11     | Killed Erica
 10666 | D:12     | Received a gift from Okawaru
 10717 | D:12     | Noticed an ogre mage
 10890 | D:12     | Identified the +8 chain mail "Ledyoph" {+Blink rElec rC-
                  | Dex+5}
 11102 | D:12     | Killed an ogre mage
 11102 | D:12     | Received a gift from Okawaru
 11518 | D:12     | Noticed Urug
 11525 | D:12     | Killed Urug
 11749 | D:12     | Found a staircase to the Orcish Mines.
 12033 | D:13     | Noticed a centaur warrior
 12045 | D:13     | Killed a centaur warrior
 12045 | D:13     | Received a gift from Okawaru
 12095 | D:13     | Found Viylaen's Assorted Antiques.
 12123 | D:13     | Found Xulaliec's Antique Armour Shoppe.
 12354 | D:13     | Found Julluqo Xath's Antique Armour Boutique.
 12366 | D:13     | Found Roujan's Weapon Shoppe.
 12905 | D:14     | Noticed a centaur warrior
 12907 | D:14     | Noticed a tengu warrior
 12909 | D:14     | Noticed Agnes
 12916 | D:14     | Killed a centaur warrior
 12917 | D:14     | Reached XP level 13. HP: 97/119 MP: 18/18
 12957 | D:13     | Killed Agnes
 13068 | D:14     | Received a gift from Okawaru
 13293 | D:14     | Reached skill level 5 in Throwing
 13404 | D:14     | Found a gate to the Vaults.
 13644 | D:14     | Identified the +1 flail "Dodwac" {venom, Str+4 Int-4}
 13860 | D:14     | You fall into a shaft and drop 1 floor!
 13860 | D:15     | Entered Level 15 of the Dungeon
 13958 | D:15     | Received a gift from Okawaru
 14121 | D:15     | Found a staircase to the Depths.
 14143 | D:15     | Reached skill level 10 in Invocations
 14148 | D:15     | Received a gift from Okawaru
 14315 | D:14     | Reached XP level 14. HP: 74/129 MP: 7/20
 14526 | D:15     | Received a gift from Okawaru
 14861 | D:15     | Gained mutation: Your magical capacity is low. (-10% MP) [a
                  | neqoxec]
 14868 | D:15     | Gained mutation: Your flesh is cold resistant. (rC+) [a
                  | neqoxec]
 14872 | D:15     | Gained mutation: Armour fits poorly on your strangely
                  | shaped body. [a neqoxec]
 15219 | D:15     | Received a gift from Okawaru
 15890 | Orc:1    | Entered Level 1 of the Orcish Mines
 16075 | Orc:1    | Noticed Josephine
 16094 | Orc:1    | Killed Josephine
 16366 | Orc:2    | Entered Level 2 of the Orcish Mines
 16366 | Orc:2    | Found a runed translucent door.
 16406 | Orc:2    | Found Isteot's General Store.
 16413 | Orc:2    | Bought a potion of heal wounds for 85 gold pieces
 16413 | Orc:2    | Bought a potion of heal wounds for 85 gold pieces
 16420 | Orc:2    | Noticed Drangen's ghost (adept GnHu)
 16467 | Orc:2    | Identified the +5 morningstar of Valour {heavy, rCorr
                  | Str+5}
 16523 | Orc:2    | Killed Drangen's ghost
 16589 | Orc:2    | Found Zogog's Antique Weapon Shoppe.
 16623 | Orc:2    | Received a gift from Okawaru
 16632 | Orc:2    | Paralysed by an orc sorcerer for 4 turns
 16747 | Orc:2    | Noticed Donald
 16771 | Orc:2    | Killed Donald
 16771 | Orc:2    | Received a gift from Okawaru
 16786 | Orc:2    | Reached XP level 15. HP: 43/139 MP: 19/19
 16904 | Orc:2    | Found Qosmoec's Antique Weapon Shop.
 16961 | Orc:2    | Found Mizoc's Jewellery Boutique.
 16962 | Orc:2    | Found Onil's Antique Weapon Boutique.
 17466 | Orc:2    | Found a staircase to the Elven Halls.
 17768 | Elf:1    | Entered Level 1 of the Elven Halls
 18000 | Elf:1    | Received a gift from Okawaru
 18001 | Elf:1    | Reached skill level 15 in Fighting
 18001 | Elf:1    | Reached skill level 15 in Armour
 18292 | Elf:1    | Reached skill level 15 in Shields
 18418 | Elf:1    | Found a huge runed translucent gate.
 18418 | Elf:1    | Found a huge runed translucent gate.
 18420 | Elf:1    | Found a huge runed translucent gate.
 18420 | Elf:1    | Found a huge runed translucent gate.
 18420 | Elf:1    | Found a huge runed translucent gate.
 18420 | Elf:1    | Found a huge runed translucent gate.
 18420 | Elf:1    | Found a huge runed translucent gate.
 18421 | Elf:1    | Found a huge runed translucent gate.
 18421 | Elf:1    | Found a huge runed translucent gate.
 18421 | Elf:1    | Found a huge runed translucent gate.
 18421 | Elf:1    | Found a huge runed translucent gate.
 18421 | Elf:1    | Found a huge runed translucent gate.
 18422 | Elf:1    | Found a huge runed translucent gate.
 18422 | Elf:1    | Found a huge runed translucent gate.
 18422 | Elf:1    | Found a huge runed translucent gate.
 18422 | Elf:1    | Found a huge runed translucent gate.
 18464 | Elf:1    | Paralysed by an air elemental for 1 turns
 18483 | Elf:1    | Reached skill level 15 in Axes
 18839 | Orc:2    | Upgraded the game from 0.32-a0-441-gaf4921d101 to
                  | 0.32-a0-516-g94ed278cf8
 19156 | Elf:1    | Found a huge runed translucent gate.
 19157 | Elf:1    | Found a huge runed translucent gate.
 19157 | Elf:1    | Found a huge runed translucent gate.
 19158 | Elf:1    | Found a huge runed translucent gate.
 19164 | Elf:1    | Noticed a deep elf blademaster
 19839 | Elf:1    | You fall into a shaft and drop 1 floor!
 20393 | Elf:1    | Killed a deep elf blademaster
 20594 | Elf:2    | Found Henimoirch's Antique Armour Emporium.
 20665 | Elf:2    | Paralysed by an orc sorcerer for 5 turns
 20764 | Elf:2    | Noticed a Hell Sentinel
 20769 | Elf:2    | Noticed an Ice Fiend
 20772 | Elf:1    | Received a gift from Okawaru
 20975 | Elf:2    | Noticed a Brimstone Fiend
 21188 | Elf:2    | Noticed a Brimstone Fiend
 21290 | Elf:2    | Noticed a Tzitzimitl
 21513 | Elf:2    | Identified the +9 plate armour of the Cuttlefish {rElec
                  | rPois}
 21575 | Elf:2    | Shot with an arrow by a deep elf archer

Illustrated notes

Levels and vault maps discovered:
D:1:      lemuel_arrival_river_bridge, layout_loops_corners,
          shapermc_ecumenical_altar_rom_forum, minivault_5,
          minmay_misc_feat_tiny
D:2:      layout_loops_cross
D:3:      layout_basic, okawaru_altar_gauntlet_db,
          mainiacjoe_overflow_tiny_flanked, serial_shops, shop,
          gammafunk_ghost_grave, chequers_serial_rivers_marsh,
          minmay_close_crescents
D:4:      cheibrodos_thug_alley, layout_rooms, minitemple, marbit_many_paths,
          uniq_menkaure
D:5:      layout_basic, lemuel_doored_altar
D:6:      layout_basic, kennysheep_mini, portal_sewer_entry_d,
          grunt_ministairs_13, st_stairs_14, kennysheep_small_circle,
          uniq_edmund
D:7:      layout_basic, zin_treasury, amcnicky_altar_gilded, temple_statues,
          hellmonk_guarded_unrand_lears, uniq_jeremiah
D:8:      minmay_cornered_nines, layout_cave_pools, hangedman_decor_points,
          nicolae_elemental_shop, nicolae_shop_dragon_depot, uniq_prince_ribbit1
D:9:      layout_loops_corners, nicolae_overflow_crystal_walls,
          mainiacjoe_overflow_concentric_impassable
D:10:     hellmonk_crumbling_castle, layout_cave_pools
D:11:     layout_roguey, lair_entry_dummy, uniq_grum, uniq_erica
D:12:     layout_basic, orc_0_dummy, minivault_27,
          minmay_mirror_moons_of_madness, uniq_urug
D:13:     layout_gridville, serial_shops, nicolae_shop_back_alley_shop, shop,
          nicolae_shop_statue_plus, nicolae_shop_bloodbath_and_beyond
D:14:     layout_roguey, grunt_vaults_entry_tiered, hangedman_glass_teeth,
          uniq_agnes
D:15:     gammafunk_depths_entry_grave, layout_basic, chequers_garden,
          serial_demonic, serial_demonic_g, serial_demonic_f, serial_demonic_g,
          serial_demonic_f, serial_demonic_e, serial_demonic_e,
          serial_demonic_e, serial_demonic_d, serial_demonic_a, serial_demonic_c
Orc:1:    layout_caves, uniq_josephine
Orc:2:    st_orc_open, layout_caves, serial_shops, shop, gammafunk_ghost_grave,
          uniq_donald
Elf:1:    eino_elf_arrival_customs, layout_geoelf_octagon, mu_enter_wizlab_6,
          hangedman_elf_represent, minivault_28
Elf:2:    nicolae_elf_blades_crystal_corner, layout_loops_corners, serial_shops,
          nicolae_shop_crystal, orc_legates

Skill      XL: |  1  2  3  4  5  6  7  8  9 10 11 12 13 14 15 |
---------------+----------------------------------------------+-----
Armour         | 4 5 6 7 8 10 11 12 13 14 15 | 15.7
Shields        | 4 5 6 7 8 10 11 12 13 14 15 | 15.6
Fighting       | 4 5 6 7 8 10 11 12 13 14 15 | 15.7
Axes           | 3 5 7 8 9 11 12 13 14 15 | 15.5
Invocations    | 2 3 5 6 8 9 10 | 10.3
Throwing       | 1 4 6 8 9 |  9.7

Action                     |  1- 3 |  4- 6 |  7- 9 | 10-12 | 13-15 || total
---------------------------+-------+-------+-------+-------+-------++-------
  Melee: War axe           |    71 |    58 |   316 |   532 |  1118 ||  2095
         Headbutt          |     6 |     7 |    51 |   112 |   280 ||   456
  Throw: Dart              |       |       |     6 |    12 |     3 ||    21
         Javelin           |       |       |       |       |     9 ||     9
 Invoke: Heroism           |       |       |       |     1 |    14 ||    15
         Receive Weapon    |       |       |       |     1 |       ||     1
    Use: Scroll            |       |       |     1 |    18 |     7 ||    26
         Potion            |       |       |       |       |     5 ||     5
 Armour: Scale mail        |    17 |       |       |       |       ||    17
         Plate armour      |    45 |    65 |   234 |       |       ||   344
         Chain mail        |       |       |     7 |   415 |   850 ||  1272
  Dodge: Dodged            |    34 |    27 |    67 |   101 |   182 ||   411
         Repelled          |       |       |       |       |     7 ||     7
  Block: Buckler           |    25 |    13 |    28 |       |       ||    66
         Tower shield      |       |       |   230 |   497 |  1084 ||  1811

Table legend: (Time is in decaauts)
 A = Elapsed time spent in this place.
 B = Non-inter-level travel time spent in this place.
 C = Inter-level travel time spent in this place.
 D = Time resting spent in this place.
 E = Time spent auto-exploring this place.
 F = Levels seen in this place.
 G = Mean time per level.
                   A        B        C        D        E       F      G
               +--------+--------+--------+--------+--------+-----+--------+
         Total |  21746 |  21746 |      0 |   3310 |   9111 |  20 | 1087.3 |
       Dungeon |  15927 |  15927 |      0 |   1869 |   8071 |  15 | 1061.8 |
  Orcish Mines |   2219 |   2219 |      0 |    334 |    671 |   2 | 1109.5 |
   Elven Halls |   3396 |   3396 |      0 |   1107 |    369 |   2 | 1698.0 |
         Sewer |    202 |    202 |      0 |      0 |      0 |   1 |  202.0 |
               +--------+--------+--------+--------+--------+-----+--------+

Top non-repeatable levels by time:
   Elf:1: 3255 daAuts
   Orc:2: 1748 daAuts
    D:15: 1718 daAuts
    D:14: 1343 daAuts
     D:4: 1340 daAuts
    D:12: 1285 daAuts
     D:6: 1235 daAuts
     D:3: 1103 daAuts
     D:9: 995 daAuts
     D:1: 981 daAuts
     D:5: 913 daAuts
    D:13: 891 daAuts
     D:7: 889 daAuts
    D:10: 860 daAuts
    D:11: 793 daAuts
